 Dungeon Crawl Stone Soup version 0.26-a0-491-g70697cc071 (webtiles) character file.

Game seed: 9116329058581932195

30788 MrRokkomies the Basher (level 13, 0/110 HPs)
             Began as a Palentonga Abyssal Knight on Aug 5, 2020.
             Was a High Priest of Lugonu.
             Slain by a killer bee (8 damage)
             ... on level 5 of the Lair of Beasts.
             The game lasted 00:36:25 (21217 turns).

MrRokkomies the Basher (Palentonga Abyssal Knight) Turns: 21217, Time: 00:36:26

Health: 0/110      AC: 37    Str: 24    XL:     13   Next: 22%
Magic:  6/6        EV:  9    Int: 15    God:    Lugonu [*****.]
Gold:   501        SH: 10    Dex: 14    Spells: 12/12 levels left

rFire    + . .     SeeInvis +   b - +5 demon whip "Spellbinder" {antimagic, MR+}
rCold    . . .     Faith    +   V - +0 kite shield {AC+3}
rNeg     + + .     Spirit   .   T - +5 ring mail "Bihaet" {+Inv rPois Str+6}
rPois    +         Reflect  .   n - +0 helmet
rElec    .         Harm     .   h - +1 cloak
rCorr    .                      L - +2 pair of gloves {archery}
MR       +....                  I - +10 Black Knight's horse barding {ponderous, rPois rN+}
Stlth    ..........             K - amulet of faith
HPRegen  0.28/turn              E - ring of protection from fire
MPRegen  0.10/turn              i - ring of Wuetuabb {rN+ Str+2 Dex+2 Stlth-}

@: lethally poisoned (0 -> 0), about to teleport, very slightly contaminated,
slow
A: large, rugged brown scales 3, see invisible, deformed body, roll, armoured
tail
a: Rolling Charge, Depart the Abyss, Bend Space, Banish, Corrupt, Enter the
Abyss, Renounce Religion, Evoke Invisibility


You were on level 5 of the Lair of Beasts.
You worshipped Lugonu.
Lugonu was extremely pleased with you.
You visited 3 branches of the dungeon, and saw 16 of its levels.
You visited the Abyss 1 time.
You also visited: Gauntlet.

You collected 1325 gold pieces.
You spent 824 gold pieces at shops.

Inventory:

Hand Weapons
 a - a +2 mace of protection
 b - the +5 demon whip "Spellbinder" (weapon) {antimagic, MR+}
   (You found it in a Gauntlet)

   It reduces the magical energy of the wielder, and disrupts the spells and
   magical abilities of those hit.
   Natural abilities and divine invocations are not affected.
   It affects your resistance to hostile enchantments.
Missiles
 d - 46 poisoned darts (quivered)
 t - 7 curare-tipped darts
 u - 4 boomerangs
 O - 12 javelins
Armour
 h - a +1 cloak (worn)
 n - a +0 helmet (worn)
 I - the +10 Black Knight's horse barding (worn) {ponderous, rPois rN+}
   (You bought it in a shop on level 8 of the Dungeon)

   It protects you from poison.
   It protects you from negative energy.
 L - a +2 pair of gloves of archery (worn)
 T - the +5 ring mail "Bihaet" (worn) {+Inv rPois Str+6}
   (You found it in a Gauntlet)

   It affects your strength (+6).
   It protects you from poison.
   It lets you turn invisible.
 V - a +0 kite shield of protection (worn)
Jewellery
 f - an uncursed amulet of guardian spirit
 i - the ring of Wuetuabb (right hand) {rN+ Str+2 Dex+2 Stlth-}
   (You found it in a Gauntlet)

   [ring of attention]

   It affects your strength (+2).
   It affects your dexterity (+2).
   It protects you from negative energy.
   It makes you less stealthy.
 j - an uncursed ring of ice
 x - an uncursed ring of ice
 C - a +6 ring of dexterity
 E - a ring of protection from fire (left hand)
 G - an uncursed ring of flight
 K - an amulet of faith (around neck)
 W - a cursed amulet of inaccuracy {unknown}
Wands
 r - a wand of disintegration (21)
 v - a wand of random effects (30)
 w - a wand of flame (12)
 B - a wand of polymorph (12)
 S - a wand of enslavement (10)
Scrolls
 k - 2 scrolls of fog
 o - 6 scrolls of enchant armour
 p - 5 scrolls of teleportation
 q - 10 scrolls of remove curse
 A - 2 scrolls of summoning
 H - a scroll of blinking
 J - a scroll of amnesia
 M - a scroll of magic mapping
 U - 3 scrolls of enchant weapon
 Z - 5 scrolls of identify
Potions
 c - a potion of lignification
 e - a potion of might {unknown}
 g - 5 potions of flight
 l - 2 potions of resistance
 m - a potion of haste
 s - 2 potions of berserk rage {unknown}
 F - a potion of brilliance {unknown}
 X - a potion of curing
Miscellaneous
 N - a box of beasts
 Y - a phantom mirror


   Skills:
 - Level 10.0 Fighting
 * Level 13.4 Maces & Flails
 * Level 7.7 Armour
 - Level 6.1 Dodging
 + Level 4.6 Shields
 - Level 10.3 Invocations


You had 12 spell levels left.
You didn't know any spells.
Your spell library contained the following spells:

 Spells                   Type           Power        Failure   Level
 Animate Skeleton         Necr           #.....       71%         1
 Apportation              Tloc           #.....       71%         1
 Beastly Appendage        Tmut           #.....       71%         1
 Corona                   Hex            #......      71%         1
 Magic Dart               Conj           #...         71%         1
 Sting                    Tmut/Pois      #...         71%         1
 Summon Small Mammal      Summ           #...         71%         1
 Passwall                 Tmut/Erth      #.......     83%         2
 Searing Ray              Conj           #.....       83%         2
 Slow                     Hex            #.......     83%         2
 Wereblood                Tmut           #.......     83%         2
 Dazzling Flash           Conj/Hex       #.....       97%         3
 Inner Flame              Hex/Fire       #.......     97%         3
 Fulminant Prism          Conj/Hex       #.........   100%        4
 Iskenderun's Mystic Bla  Conj/Tloc      #.......     100%        4
 Irradiate                Conj/Tmut      #.........   100%        5
 Yara's Violent Unravell  Hex/Tmut       #.........   100%        5
 Hydra Form               Tmut           #.........   100%        6
 Statue Form              Tmut/Erth      #........    100%        6
 Dragon Form              Tmut           #.........   100%        7
 Discord                  Hex            #.........   100%        8


Dungeon Overview and Level Annotations

Branches:
Dungeon (10/15)            Temple (0/1) D:5            Lair (5/6) D:8
  Swamp (0/4) Lair:2        Snake (0/4) Lair:2          Orc (1/2) D:9
Gauntlet (visited)
  Slime: Lair:5-6

Altars:
Cheibriados
Gozag
Kikubaaqudgha
Makhleb
Nemelex Xobeh
Okawaru
Qazlal
Ru
Trog
Xom
Yredelemnul
The Shining One

Shops:
D:4 *   D:9 =!


Innate Abilities, Weirdness & Mutations

You are completely covered in rugged brown scales. (AC +3, +7% HP)
You have supernaturally acute eyesight. (SInv)
Armour fits poorly on your strangely shaped body.
You can roll at foes to attack.
You have a long armoured tail.


Message History

As you read the scroll of teleportation, it crumbles to dust.
You feel strangely unstable.
You feel sick. You block the killer bee's attack.
The meliai calls down the wrath of its god upon you.
Something smites you!
* * * LOW HITPOINT WARNING * * *
The killer bee stings you but does no damage.
The killer bee closely misses you. You block the killer bee's attack.
The killer bee stings you.
* * * LOW HITPOINT WARNING * * *
The killer bee stings you.
* * * LOW HITPOINT WARNING * * *
The killer bee closely misses you.
The queen bee stings you but does no damage.
Press: ? - help, Dir - move target cursor You are very lightly contaminated with residual magic.
As you read the scroll of blinking, it crumbles to dust.
You feel sick.
The killer bee rages.
The killer bee stings you!
You die...

#####....................y.##....
...#.......................###y.y
....P.................y....# #.#.
......##...................# ####
.......#...........y......###
...>....#.#.............### .####
........P...............#####....
............##..y......##...).7P.
..............##@.....P#.#....≈≈≈
................#.#...##......≈≈≈
.........÷#............P?.....≈≈≈
.......###...........P......††7≈7
...<...≈.≈≈..............###.....
........P≈≈...............≈......
P.......≈≈P......###......≈......
≈≈...#.P≈≈P≈.....P#P......≈......
P≈...≈≈P≈7.≈.....###.#.#.#≈#.....


You could see 3 killer bees.

Vanquished Creatures
  A minotaur (Gauntlet)
  A great orb of eyes (Gauntlet)
  2 hydras
  An unseen horror (D:7)
  Joseph (D:8)
  4 cane toads
  2 komodo dragons
  A rime drake (Lair:2)
  A jumping spider (Gauntlet)
  A troll (Orc:1)
  A tyrant leech (Lair:2)
  A meliai (Lair:5)
  9 blink frogs
  3 hippogriffs
  13 dream sheep
  A centaur simulacrum (Gauntlet)
  28 yaks
  2 wyverns
  2 humans (D:7)
  4 swamp worms (Lair:2)
  2 wargs
  5 nagas (Lair:2)
  6 porcupines
  10 water moccasins
  2 orc warriors (D:9)
  5 sky beasts
  A phantom (D:8)
  11 wolves
  5 ogres
  2 centaurs
  A necrophage (D:9)
  7 crocodiles
  13 bullfrogs
  2 hornet simulacra (Gauntlet)
  4 scorpions
  A water moccasin skeleton (D:10)
  4 killer bees (Lair:5)
  3 electric eels
  A crimson imp (D:7)
  2 jellies
  7 hounds
  10 orc priests
  A centaur zombie (D:9)
  3 bullfrog skeletons
  2 centaur skeletons
  11 orc wizards
  5 iguanas
  3 worker ants
  A bullfrog simulacrum (Gauntlet)
  A howler monkey zombie (D:5)
  A worker ant zombie (D:8)
  3 gnolls (D:7)
  11 adders
  3 shadow imps
  4 white imps
  4 ufetubi
  An ooze (D:3)
  2 worms
  11 leopard geckos
  41 orcs
  3 giant cockroaches
  10 goblins
  4 hobgoblins
  8 jackals
  2 quokkas
  2 ball pythons
  4 bats
  4 frilled lizards
  4 kobolds
  2 leopard gecko zombies (D:8)
  A quokka skeleton (D:6)
  A quokka zombie (D:6)
  4 rats
340 creatures vanquished.

Vanquished Creatures (collateral kills)
  A hydra (Lair:2)
1 creature vanquished.

Vanquished Creatures (others)
  An entropy weaver (Gauntlet)
  A hydra (Lair:1)
  A catoblepas (Lair:1)
  2 two-headed ogres (D:8)
  An orc knight (Orc:1)
  2 oklob plants (Lair:4)
  An ugly thing (Gauntlet)
  A cyclops (D:10)
  An orc warrior (Orc:1)
  A human (D:5)
  9 fungi
  23 plants
44 creatures vanquished.

Grand Total: 385 creatures vanquished

Notes
Turn   | Place    | Note
-------+----------+-------------------------------------------
     0 | Abyss:1  | MrRokkomies the Palentonga Abyssal Knight began the quest
                  | for the Orb.
     0 | Abyss:1  | Reached XP level 1. HP: 19/19 MP: 2/2
    69 | Abyss:2  | Noticed a shadow
    69 | Abyss:2  | Noticed a yellow draconian shifter
    69 | Abyss:2  | Noticed a raiju
    70 | D:1      | Escaped the Abyss
   326 | D:1      | Reached skill level 1 in Dodging
   326 | D:1      | Reached XP level 2. HP: 22/25 MP: 3/3
   343 | D:1      | Reached * piety under Lugonu
  1073 | D:1      | Reached XP level 3. HP: 31/31 MP: 4/4
  1738 | D:2      | Found a snail-covered altar of Cheibriados.
  2270 | D:3      | Reached XP level 4. HP: 37/37 MP: 6/6
  2315 | D:3      | Reached skill level 3 in Maces & Flails
  2422 | D:3      | Found a sparkling altar of Nemelex Xobeh.
  2951 | D:4      | Reached XP level 5. HP: 6/44 MP: 7/7
  3200 | D:4      | Found an opulent altar of Gozag.
  3339 | D:4      | Found Omebon's Mayhem Merchandise.
  3633 | D:5      | Entered Level 5 of the Dungeon
  3635 | D:5      | Noticed a centaur
  3641 | D:5      | Killed a centaur
  3657 | D:5      | Reached XP level 6. HP: 42/51 MP: 9/9
  3658 | D:5      | Reached skill level 4 in Maces & Flails
  3960 | D:5      | Reached ** piety under Lugonu
  4470 | D:5      | Found an ancient bone altar of Kikubaaqudgha.
  4471 | D:5      | Noticed a human
  4474 | D:5      | Killed a human
  4498 | D:5      | Reached skill level 5 in Invocations
  4666 | D:5      | Found a staircase to the Ecumenical Temple.
  4771 | D:6      | Reached XP level 7. HP: 32/57 MP: 4/10
  5217 | D:6      | Reached skill level 5 in Maces & Flails
  5407 | D:6      | Found a bloodstained altar of Trog.
  6019 | D:7      | Reached XP level 8. HP: 16/65 MP: 2/12
  6343 | D:7      | Noticed an unseen horror
  6363 | D:7      | Killed an unseen horror
  6363 | D:7      | Reached skill level 5 in Fighting
  6363 | D:7      | Reached skill level 6 in Maces & Flails
  6760 | D:7      | Found an iron altar of Okawaru.
  6788 | D:7      | Reached skill level 7 in Maces & Flails
  6788 | D:7      | Reached XP level 9. HP: 55/72 MP: 10/14
  7029 | D:7      | Found a shimmering altar of Xom.
  7030 | D:7      | Found a burning altar of Makhleb.
  7075 | D:8      | Found a snail-covered altar of Cheibriados.
  7075 | D:8      | Found Cheibriados's Comfort Zone.
  7088 | D:8      | Reached *** piety under Lugonu
  7326 | D:8      | Noticed a two-headed ogre
  7345 | D:8      | Banished a two-headed ogre
  7345 | D:8      | Reached skill level 8 in Maces & Flails
  7707 | D:8      | Found a staircase to the Lair.
  8216 | D:8      | Noticed Joseph
  8233 | D:8      | Killed Joseph
  8611 | D:8      | Found a basalt altar of Yredelemnul.
  8854 | D:8      | Reached skill level 5 in Dodging
  8854 | D:8      | Reached XP level 10. HP: 57/82 MP: 16/16
  9007 | D:8      | Found a glowing golden altar of the Shining One.
  9007 | D:8      | Noticed a two-headed ogre
  9008 | D:8      | Banished a two-headed ogre
  9008 | D:8      | Reached skill level 9 in Maces & Flails
  9124 | D:9      | Found a staircase to the Orcish Mines.
  9386 | D:9      | Found Doddoig's Jewellery Emporium.
  9566 | D:9      | Found a sacrificial altar of Ru.
  9568 | D:9      | Found an ancient bone altar of Kikubaaqudgha.
  9569 | D:9      | Found a stormy altar of Qazlal.
  9917 | D:9      | Found Kuroc's Distillery.
  9975 | D:10     | Entered Level 10 of the Dungeon
 10625 | D:10     | Noticed a cyclops
 10626 | D:10     | Banished a cyclops
 10626 | D:10     | Reached skill level 10 in Maces & Flails
 11195 | Orc:1    | Entered Level 1 of the Orcish Mines
 11195 | Orc:1    | Noticed an orc knight
 11196 | Orc:1    | Banished an orc knight
 11739 | Orc:1    | Reached **** piety under Lugonu
 11779 | Orc:1    | Reached XP level 11. HP: 53/92 MP: 17/17
 12477 | D:8      | Bought the +10 Black Knight's horse barding {ponderous,
                  | rPois rN+} for 824 gold pieces
 12477 | D:8      | Found the +10 Black Knight's horse barding {ponderous,
                  | rPois rN+}
 12523 | Lair:1   | Entered Level 1 of the Lair of Beasts
 13071 | Lair:1   | Noticed a catoblepas
 13075 | Lair:1   | Banished a catoblepas
 13075 | Lair:1   | Reached skill level 11 in Maces & Flails
 13550 | Lair:1   | Noticed a six-headed hydra
 13552 | Lair:1   | Banished a six-headed hydra
 14679 | Lair:2   | Noticed a four-headed hydra
 14685 | Lair:2   | Killed a four-headed hydra
 14703 | Lair:2   | Found a gate leading to a gauntlet.
 14758 | Gauntlet | Entered a Gauntlet
 14758 | Gauntlet | Found a transporter.
 14758 | Gauntlet | Found a transporter.
 14938 | Gauntlet | Found a transporter.
 14938 | Gauntlet | Found a transporter.
 14944 | Gauntlet | Noticed a death yak
 14944 | Gauntlet | Noticed a death yak
 14945 | Gauntlet | Noticed a death yak
 14945 | Gauntlet | Noticed a death yak
 14947 | Gauntlet | Found a transporter.
 14963 | Gauntlet | Noticed a death yak
 14966 | Gauntlet | Found a transporter.
 14972 | Gauntlet | Found a large runed translucent door.
 14972 | Gauntlet | Noticed a cyan ugly thing
 14973 | Gauntlet | Found a large runed translucent door.
 14973 | Gauntlet | Noticed a great orb of eyes
 14975 | Gauntlet | Found a runed translucent gate.
 14976 | Gauntlet | Found a transporter.
 14976 | Gauntlet | Found a transporter.
 14979 | Gauntlet | Found a transporter.
 14983 | Gauntlet | Found a runed translucent gate.
 14983 | Gauntlet | Found a runed translucent gate.
 14985 | Gauntlet | Found a large runed translucent door.
 14986 | Gauntlet | Found a large runed translucent door.
 14998 | Gauntlet | Found a large runed translucent door.
 14998 | Gauntlet | Found a large runed translucent door.
 14999 | Gauntlet | Found a large runed translucent door.
 14999 | Gauntlet | Found a large runed translucent door.
 15006 | Gauntlet | Found a transporter.
 15007 | Gauntlet | Noticed a balrug
 15009 | Gauntlet | Found a large runed translucent door.
 15009 | Gauntlet | Found a large runed translucent door.
 15009 | Gauntlet | Found a runed translucent door.
 15009 | Gauntlet | Found a runed translucent door.
 15010 | Gauntlet | Found a large runed translucent door.
 15011 | Gauntlet | Found a large runed translucent door.
 15013 | Gauntlet | Found a transporter.
 15033 | Gauntlet | Found a transporter.
 15067 | Gauntlet | Found a transporter.
 15083 | Gauntlet | Found a transporter.
 15099 | Gauntlet | Found a large runed translucent door.
 15099 | Gauntlet | Found a large runed translucent door.
 15100 | Gauntlet | Found a large runed translucent door.
 15101 | Gauntlet | Found a large runed translucent door.
 15186 | Gauntlet | Found a transporter.
 15202 | Gauntlet | Found a transporter.
 15203 | Gauntlet | Noticed an entropy weaver
 15311 | Gauntlet | Reached skill level 10 in Invocations
 15422 | Gauntlet | Banished an entropy weaver
 15518 | Gauntlet | Banished a cyan ugly thing
 15524 | Gauntlet | Paralysed by a great orb of eyes for 3 turns
 15531 | Gauntlet | Paralysed by a great orb of eyes for 5 turns
 15553 | Gauntlet | Killed a great orb of eyes
 15553 | Gauntlet | Reached skill level 5 in Armour
 15553 | Gauntlet | Reached XP level 12. HP: 44/101 MP: 11/19
 15558 | Gauntlet | Got a pitted silver ring
 15582 | Gauntlet | Identified the ring of Wuetuabb {rN+ Str+2 Dex+2 Stlth-}
                  | (You found it in a Gauntlet)
 15795 | Gauntlet | Noticed a minotaur
 15800 | Gauntlet | Found the +5 demon whip "Spellbinder" {antimagic, MR+}
 15823 | Gauntlet | Killed a minotaur
 16130 | Gauntlet | Identified the Almanac of Beguiling
 16144 | Gauntlet | Identified the Almanac of Transmutation
 16148 | Gauntlet | Got a jewelled ring mail
 16196 | Gauntlet | Identified the +5 ring mail "Bihaet" {+Inv rPois Str+6}
                  | (You found it in a Gauntlet)
 16342 | Lair:2   | Reached skill level 12 in Maces & Flails
 16554 | Lair:2   | Found a staircase to the Swamp.
 17045 | Lair:2   | Found a staircase to the Snake Pit.
 18148 | Lair:3   | Reached ***** piety under Lugonu
 19232 | Lair:4   | Noticed an eight-headed hydra
 19251 | Lair:4   | Killed an eight-headed hydra
 19564 | Lair:4   | Reached skill level 13 in Maces & Flails
 19879 | Lair:4   | Reached XP level 13. HP: 110/110 MP: 6/20
 20505 | Lair:5   | Reached skill level 10 in Fighting
 21217 | Lair:5   | Slain by a killer bee

Illustrated notes

Levels and vault maps discovered:
D:1:      saegor_arrival_simple_b, layout_rooms
D:2:      layout_loops_ring, old_standard_altar, kennysheep_big_empty_room
D:3:      layout_rooms, nemelex_altar_shiori, item_on_display_a
D:4:      layout_loops_ring, kennysheep_little_box, minmay_shop_mayhem
D:5:      layout_loops_ring, temple_statues, serial_bayou_pond_d,
          tgw_kikubaaqudgha
D:6:      layout_loops_cross, lemuel_crystal_altar
D:7:      layout_rooms, grunt_temple_overflow_champion_of_chaos, okawaru_humans
D:8:      layout_loops_ring, lemuel_coloured_pillars_altar, tso_altar,
          dpeg_oklobed_lair, minmay_shop_chei, kennysheep_decorative_pillar,
          uniq_joseph
D:9:      layout_irregular_city, grunt_temple_overflow_open, orc_0_dummy,
          serial_shops, shop, shop, minmay_holes
D:10:     layout_loops_ring
Lair:1:   layout_cave_pods, serial_bayou_lagoon_b
Lair:2:   layout_big_grid, minmay_swamp_entry_worms,
          minmay_snake_entry_guardpost_large, gauntlet_entry_generic,
          grunt_megastairs_3, serial_bayou_shore_b
Lair:3:   layout_roguey, serial_bayou_shore_a
Lair:4:   layout_small_grid, serial_bayou_shore_b, minmay_lair_oklob_chamber
Lair:5:   layout_cave_pods, serial_bayou, serial_bayou_lake_a,
          serial_bayou_pond_e, serial_bayou_crossing, serial_bayou_pond_d,
          special_room [special_room_bee], serial_bayou_lagoon_a,
          chequers_serial_rivers_micro_b
Orc:1:    layout_diamond_mine, serial_shops, nicolae_shop_stone

Skill      XL: |  1  2  3  4  5  6  7  8  9 10 11 12 13 |
---------------+----------------------------------------+-----
Dodging        | 1 2 3 5 6 |  6.1
Invocations    | 3 4 5 6 8 9 10 | 10.3
Maces & Flails | 3 4 5 7 8 10 11 13 | 13.4
Fighting       | 4 5 6 7 9 10 | 10.0
Shields        | 2 4 |  4.6
Armour         | 5 7 |  7.7

Action                   |  1- 3 |  4- 6 |  7- 9 | 10-12 | 13-15 || total
-------------------------+-------+-------+-------+-------+-------++-------
Melee: Morningstar       |   149 |   137 |   262 |    50 |       ||   598
       Tailslap          |    10 |    10 |    32 |   139 |    15 ||   206
       Mace              |       |       |       |   938 |       ||   938
       Demon whip        |       |       |       |    18 |    87 ||   105
Throw: Dart              |       |       |     4 |    38 |       ||    42
Invok: Depart the Abyss  |     1 |       |       |       |       ||     1
       Banish            |       |       |     1 |    12 |       ||    13
       Bend Space        |       |       |       |       |     1 ||     1
 Abil: Rolling Charge    |       |     1 |     6 |    13 |     1 ||    21
Evoke: Wand              |       |       |     3 |    15 |     1 ||    19
  Use: Scroll            |     8 |     2 |     2 |     9 |     3 ||    24
       Potion            |       |     3 |     2 |     3 |     1 ||     9
 Stab: Confused          |       |       |     2 |     3 |       ||     5
Armor: Leather armour    |   158 |    85 |   108 |   273 |       ||   624
       Ring mail         |       |       |       |   254 |    77 ||   331
Dodge: Dodged            |   135 |    76 |   118 |   400 |    87 ||   816
Block: Buckler           |       |       |    25 |   100 |       ||   125
       Kite shield       |       |       |       |   189 |    60 ||   249

Table legend: (Time is in decaauts)
 A = Elapsed time spent in this place.
 B = Non-inter-level travel time spent in this place.
 C = Inter-level travel time spent in this place.
 D = Time resting spent in this place.
 E = Time spent auto-exploring this place.
 F = Levels seen in this place.
 G = Mean time per level.
                   A        B        C        D        E       F      G
               +--------+--------+--------+--------+--------+-----+--------+
         Total |  21599 |  21082 |    517 |   3963 |  13918 |  19 | 1136.8 |
       Dungeon |  11716 |  11315 |    401 |   1745 |   7905 |  10 | 1171.6 |
          Lair |   7474 |   7392 |     82 |   1252 |   5145 |   5 | 1494.8 |
  Orcish Mines |    857 |    823 |     34 |    293 |    387 |   1 |  857.0 |
         Abyss |     69 |     69 |      0 |      0 |     15 |   2 |   34.5 |
      Gauntlet |   1481 |   1481 |      0 |    673 |    465 |   1 | 1481.0 |
               +--------+--------+--------+--------+--------+-----+--------+

Top non-repeatable levels by time:
  Lair:1: 2218 daAuts
     D:8: 2124 daAuts
  Lair:4: 2064 daAuts
  Lair:2: 1702 daAuts
     D:1: 1503 daAuts
Gauntlet: 1481 daAuts
     D:9: 1332 daAuts
     D:7: 1306 daAuts
     D:5: 1149 daAuts
    D:10: 1130 daAuts
     D:6: 1029 daAuts
   Orc:1: 857 daAuts
  Lair:5: 812 daAuts
     D:4: 718 daAuts
     D:3: 714 daAuts
